AoeStats
← 布丁

Black Forest

504741833Analyzed
4v4 RM · 26d ago on Sep 6, 2026· 64m 25s· 8 players
Game mode
Random Map
Map size
Large (8 player)
Population
200
Speed
Normal
Resources
Standard
Victory
Conquest
Starting age
Dark Age
Ending age
Imperial Age
RankedLock teamsTeams togetherTeam positionsShared explorationLock speedFull tech treeHidden civsTurbo modeCheats
Victory
Defeat
🇫🇷 Bohemians · France
901
+14
🇬🇧 Celts · United Kingdom
891
+15
🇮🇱 Gurjaras · Israel
880
+15
🇺🇸 Wu · United States
828
+17
🇹🇼 Teutons · Taiwan
883
-16
🇹🇼 Goths · Taiwan
866
-40
🇩🇪 Britons · Germany
860
-26
🇨🇳 Spanish · China
833
-14
Borgi1304
4:54 Loom
11:18 Feudal Age
13:16 Double-Bit Axe
15:53 Fletching
19:25 Horse Collar
22:15 Gold Mining
22:38 Padded Archer Armor
27:20 Castle Age
26:12 Stone Mining
26:54 Town Watch
27:23 Crossbowman
28:02 Bodkin Arrow
28:25 Leather Archer Armor
29:02 Bow Saw
29:31 Gold Shaft Mining
30:12 Heavy Plow
33:17 Imperial Age
34:01 Fortified Wall
35:49 Two-Man Saw
36:37 Wheelbarrow
36:25 Bracer
37:09 Ballistics
37:25 Masonry
39:17 Ring Archer Armor
39:44 Warwolf
40:29 Hand Cart
41:09 Scale Mail Armor
41:12 Town Patrol
42:14 Yeomen
41:26 Arbalester
42:50 Forging
43:28 Siege Engineers
44:08 Elite Longbowman
44:49 Man-at-Arms
45:17 Gambesons
45:34 Squires
46:13 Architecture
47:36 Pikeman
50:44 Halberdier
53:00 Chain Mail Armor
53:21 Iron Casting
布丁
0:43 Loom
13:41 Feudal Age
15:12 Wheelbarrow
18:04 Castle Age
17:20 Double-Bit Axe
17:19 Horse Collar
17:53 Stone Mining
22:05 Hand Cart
25:08 Heavy Plow
28:32 Gold Mining
28:56 Bow Saw
30:20 Scale Mail Armor
30:31 Forging
33:01 Imperial Age
30:30 Town Watch
30:40 Pikeman
31:21 Squires
31:32 Town Patrol
32:22 Stone Shaft Mining
33:10 Chain Mail Armor
33:31 Iron Casting
33:14 Caravan
35:15 Anarchy
36:43 Blast Furnace
37:11 Scale Barding Armor
36:56 Fletching
37:07 Padded Archer Armor
36:36 Elite Huskarl
37:50 Light Cavalry
38:41 Bloodlines
38:32 Husbandry
38:52 Hussar
41:40 Leather Archer Armor
41:21 Bodkin Arrow
42:46 Onager
44:33 Perfusion
46:51 Halberdier
47:11 Halberdier
y852963741
0:31 Loom
21:04 Feudal Age
23:04 Fletching
24:11 Double-Bit Axe
30:18 Castle Age
28:11 Horse Collar
31:05 Gold Mining
31:05 Stone Mining
38:23 Bow Saw
44:39 Imperial Age
41:57 Town Watch
42:53 Wheelbarrow
43:05 Forging
43:00 Scale Barding Armor
43:28 Fervor
44:15 Bloodlines
44:55 Iron Casting
45:43 Chain Barding Armor
44:45 Cavalier
46:47 Blast Furnace
46:13 Paladin
48:00 Plate Barding Armor
48:58 Caravan
49:24 Guilds
50:36 Heavy Plow
51:39 Two-Man Saw
圣灯
0:26 Loom
13:18 Feudal Age
14:33 Double-Bit Axe
17:32 Castle Age
21:02 Horse Collar
23:33 Bow Saw
25:54 Wheelbarrow
25:41 Gold Mining
27:08 Pikeman
27:48 Squires
28:14 Heavy Plow
33:55 Imperial Age
33:40 Ballistics
33:49 Masonry
35:17 Conscription
36:09 Chemistry
35:46 Architecture
37:45 Caravan
39:46 Husbandry
39:44 Cavalier
41:02 Paladin
43:36 Forging
43:32 Scale Barding Armor
43:42 Elite Skirmisher
45:13 Fletching
45:24 Padded Archer Armor
49:03 Supremacy
51:53 Two-Man Saw
50:50 Bodkin Arrow
51:11 Leather Archer Armor
51:16 Chain Barding Armor
51:32 Iron Casting
52:22 Bracer
53:10 Ring Archer Armor
53:26 Iron Casting
53:12 Chain Barding Armor
54:48 Scale Mail Armor
54:29 Halberdier
OldFlesty
0:27 Loom
12:55 Feudal Age
14:17 Wheelbarrow
17:42 Castle Age
18:46 Hand Cart
18:25 Double-Bit Axe
18:37 Horse Collar
26:54 Bow Saw
29:22 Gold Mining
29:25 Stone Mining
34:58 Imperial Age
33:06 Coinage
33:42 Caravan
35:05 Forging
34:55 Scale Mail Armor
34:46 Fletching
34:24 Pikeman
34:51 Gambesons
34:51 Arson
35:38 Heavy Plow
36:44 Iron Casting
36:38 Town Watch
37:42 Conscription
37:36 Treadmill Crane
38:16 Ballistics
38:03 Siege Engineers
38:59 Chemistry
37:47 Halberdier
38:53 Guilds
39:19 Onager
40:17 Furor Celtica
41:59 Blast Furnace
41:15 Chain Mail Armor
40:56 Bodkin Arrow
41:42 Siege Onager
43:23 Fortified Wall
42:50 Capped Ram
44:28 Banking
44:33 Plate Mail Armor
52:33 Stronghold
64:05 Siege Ram
The punisher 69
1:38 Loom
13:25 Feudal Age
16:37 Double-Bit Axe
17:56 Horse Collar
22:54 Wheelbarrow
22:04 Town Watch
25:59 Castle Age
25:41 Fletching
25:52 Padded Archer Armor
29:25 Chemistry
29:21 Bow Saw
29:53 Ballistics
30:27 Heavy Plow
32:11 Hand Cart
35:36 Imperial Age
33:27 Caravan
34:14 Bodkin Arrow
34:35 Leather Archer Armor
38:02 Bracer
38:35 Ring Archer Armor
39:06 Murder Holes
41:03 Houfnice
PoofyCastle58
10:17 Feudal Age
10:57 Double-Bit Axe
10:54 Horse Collar
19:56 Castle Age
21:41 Bow Saw
21:35 Heavy Plow
23:47 Scale Barding Armor
24:07 Loom
25:02 Chain Barding Armor
26:34 Bloodlines
26:25 Husbandry
29:13 Fletching
30:47 Bodkin Arrow
34:19 Imperial Age
33:43 Wheelbarrow
35:32 Gold Mining
37:32 Gold Shaft Mining
36:19 Heavy Hei Guang Cavalry
37:39 Plate Barding Armor
38:42 Sitting Tiger
39:05 Forging
40:50 Iron Casting
41:56 Hand Cart
41:28 Town Watch
42:09 Conscription
41:31 Light Cavalry
44:27 Chemistry
43:48 Ballistics
43:39 Masonry
42:51 Elite Fire Archer
43:37 Bracer
44:44 Red Cliffs Tactics
44:21 Hussar
46:11 Stone Mining
49:11 Padded Archer Armor
50:14 Blast Furnace
49:16 Padded Archer Armor
54:52 Town Patrol
56:01 Two-Man Saw
58:42 Leather Archer Armor
Athegamer
0:28 Loom
18:40 Feudal Age
20:38 Feudal Age
23:09 Town Watch
26:12 Castle Age
28:05 Double-Bit Axe
29:47 Wheelbarrow
32:46 Fletching
33:10 Horse Collar
36:24 Gold Mining
39:20 Imperial Age
37:14 Bow Saw
39:00 Kshatriyas
39:49 Bodkin Arrow
40:37 Caravan
41:59 Heavy Plow
42:25 Ballistics
42:37 Town Watch
43:14 Conscription
43:14 Bracer
45:29 Hand Cart
45:39 Padded Archer Armor
47:37 Chemistry
48:09 Husbandry
48:59 Hoardings
48:38 Forging
47:55 Elite Shrivamsha Rider
48:47 Bloodlines
49:24 Scale Barding Armor
51:26 Masonry
50:56 Treadmill Crane
51:38 Thumb Ring
52:37 Town Patrol
54:29 Chain Barding Armor
53:55 Elite Elephant Archer
54:32 Heavy Camel Rider
55:17 Stone Mining
58:50 Crossbowman
58:59 Elite Skirmisher
60:59 Leather Archer Armor
64:29 Scale Mail Armor
65:03 Fortified Wall
Connection lost

Rejoining the realm…

Still unreachable

The connection could not be restored.

Session expired

The server has moved on; the page needs a fresh start.